[Event "BL 2016-17"]
[Site "Berlin"]
[Date "2017.04.29"]
[Round "13"]
[White "Loxine, Jakov"]
[Black "Raykhman, Alexander"]
[Result "1/2-1/2"]
[ECO "B50"]
[WhiteElo "2406"]
[BlackElo "2403"]
[Annotator "NA"]
[PlyCount "82"]
[EventDate "2017.??.??"]
[EventType "team-tourn"]
[EventCountry "GER"]
[SourceTitle "playchess.com"]
[Source "ChessBase"]
[SourceQuality "1"]
[WhiteTeam "TU Dresden"]
[BlackTeam "Schwäbisch Hall"]
[TimeControl "40/6000+30:3000+30"]

1. e4 c5 2. Nf3 d6 3. Nc3 a6 4. a4 Bg4 5. h3 Bxf3 6. Qxf3 Nc6 7. Qd1 g6 8. g3 Bg7 9. Bg2 e6 10. O-O Nge7 11. d3 Rb8 12. Ne2 O-O 13. c3 b5 14. axb5 axb5 15. Bg5 h6 16. Be3 b4 17. Ra6 bxc3 18. bxc3 Rb2 19. Re1 Qb8 20. d4 cxd4 21. Nxd4 Rc8 22. Bf1 Ne5 23. Qa1 d5 24. Qa3 Rb7 25. Ra1 dxe4 26. Nb5 Nd5 27. Ba7 Rxa7 28. Rxa7 Nxc3 29. Nxc3 Nf3+ 30. Kh1 Bxc3 31. Ra8 Qxa8 32. Qxa8 Rxa8 33. Rxa8+ Kg7 34. Bg2 Bd4 35. Bxf3 exf3 36. Kg1 e5 37. Ra3 e4 38. Ra4 e3 39. Rxd4 e2 40. Re4 f5 41. Re3 g5 1/2-1/2

[Event "BL 2016-17"]
[Site "Berlin"]
[Date "2017.04.29"]
[Round "13"]
[White "Zeller, Frank"]
[Black "Loxine, Jakov"]
[Result "0-1"]
[ECO "B30"]
[WhiteElo "2390"]
[BlackElo "2406"]
[Annotator "NA"]
[PlyCount "121"]
[EventDate "2017.??.??"]
[EventType "team-tourn"]
[EventCountry "GER"]
[SourceTitle "playchess.com"]
[Source "ChessBase"]
[SourceQuality "1"]
[WhiteTeam "Schwäbisch Hall"]
[BlackTeam "TU Dresden"]
[TimeControl "40/6000+30:3000+30"]

1. e4 c5 2. Nf3 Nc6 3. Nc3 d6 4. d4 cxd4 5. Nxd4 e5 6. Nf5 Bxf5 7. exf5 Qd7 8. Bc4 Qxf5 9. Be3 Nf6 10. h3 h6 11. g4 Qd7 12. Qf3 O-O-O 13. O-O-O Kb8 14. Rhg1 Na5 15. Bb5 Qe6 16. Nd5 Nxd5 17. Rxd5 g6 18. Bd3 $11 Nc6 19. Be4 a6 20. Rgd1 Nd4 21. R5xd4 exd4 22. Bxd4 Rh7 23. Bxb7 d5 24. Qb3 Kc7 25. Ba7 d4 26. Qf3 f5 27. gxf5 gxf5 28. Bxd4 Rhd7 29. c3 Bg7 30. Ba8 Kb8 31. Bc6 Rd6 32. Qg3 Bxd4 33. Rxd4 Kc8 34. Rxd6 Rxd6 35. Bf3 Qe1+ 36. Kc2 Qd2+ 37. Kb3 Rb6+ 38. Kc4 Rxb2 39. Qg8+ Kc7 40. Qg7+ Qd7 41. Qe5+ Kc8 42. Qc5+ Qc7 43. Bc6 Kb8 44. Qf8+ Ka7 45. Qc5+ Kb8 46. Qf8+ Ka7 47. Qc5+ Rb6 48. Kd5 f4 49. f3 Qf7+ 50. Ke5 Qh5+ 51. Kd6 Qxc5+ 52. Kxc5 Rb2 53. Bd5 Rh2 54. Be6 Rf2 55. Bd5 Rh2 56. Be6 Kb7 57. a4 Kc7 58. c4 Rb2 59. Bf5 Re2 60. Bg4 h5 61. Kd4 0-1

[Event "BL 2016-17"]
[Site "Berlin"]
[Date "2017.04.29"]
[Round "13"]
[White "Seger, Ruediger"]
[Black "Capone, Nicola"]
[Result "1/2-1/2"]
[ECO "C04"]
[WhiteElo "2351"]
[BlackElo "2349"]
[Annotator "NA"]
[PlyCount "112"]
[EventDate "2017.??.??"]
[EventType "team-tourn"]
[EventCountry "GER"]
[SourceTitle "playchess.com"]
[Source "ChessBase"]
[SourceQuality "1"]
[WhiteTeam "SG Trier"]
[BlackTeam "Aufwärts Aachen"]
[TimeControl "40/6000+30:3000+30"]

1. e4 e6 2. d4 d5 3. Nd2 Nc6 4. Ngf3 Nf6 5. e5 Nd7 6. Be2 f6 7. exf6 Qxf6 8. Nf1 Bd6 9. Ne3 b6 10. O-O Bb7 11. c3 O-O-O 12. Ng4 Qf5 13. Nh4 Qf7 14. f4 Nf6 15. Ne5 Qe7 $16 16. Nhf3 Ne4 17. Be3 Rdf8 18. Nd2 Qe8 19. Bb5 a6 20. Bxc6 Bxc6 21. Nxc6 Qxc6 22. Nxe4 dxe4 23. Qe2 a5 24. Rae1 Rf6 25. Bc1 Rhf8 26. Qxe4 Qxe4 27. Rxe4 g5 28. Rfe1 gxf4 29. Rxe6 Kd7 30. Rxf6 Rxf6 31. Kf2 Rh6 32. h3 Re6 33. Re2 c6 34. Kf3 Rxe2 35. Kxe2 Ke6 36. Kd3 Kf5 37. a4 h5 38. Bd2 Be7 39. b4 Bd6 40. bxa5 bxa5 41. c4 Bc7 42. c5 Bd8 43. d5 cxd5 44. Kd4 Ke6 45. Bxf4 Bf6+ 46. Kd3 Kd7 47. g4 hxg4 48. hxg4 Kc6 49. Be3 Be7 50. Bd4 Bg5 51. Ke2 Bh6 52. Kf3 Bg5 53. Kg3 Kd7 54. Kf3 Kc6 55. Be3 Bf6 56. Bd2 Bd8 1/2-1/2

[Event "BL 2016-17"]
[Site "Berlin"]
[Date "2017.04.29"]
[Round "13"]
[White "Eichler, Christoph"]
[Black "Schneider, Stefan"]
[Result "1/2-1/2"]
[ECO "D25"]
[WhiteElo "2304"]
[BlackElo "2356"]
[Annotator "NA"]
[PlyCount "50"]
[EventDate "2017.??.??"]
[EventType "team-tourn"]
[EventCountry "GER"]
[SourceTitle "playchess.com"]
[Source "ChessBase"]
[SourceQuality "1"]
[WhiteTeam "Zugzwang München"]
[BlackTeam "Bayern München"]
[TimeControl "40/6000+30:3000+30"]

1. Nf3 d5 2. d4 Nf6 3. c4 dxc4 4. e3 Bg4 5. Bxc4 e6 6. h3 Bh5 7. Nc3 Nc6 8. O-O Bd6 9. Be2 O-O 10. Nb5 Be7 11. a3 a6 12. Nc3 Bd6 13. b4 Qe8 14. Bb2 e5 15. Nxe5 Bxe2 16. Nxe2 Nxe5 17. dxe5 Bxe5 18. Bxe5 Qxe5 19. Qd4 Qe7 20. Qc4 Rac8 21. Rac1 Rfd8 22. Nd4 Rd5 23. Nb3 c6 24. Rfd1 Rcd8 25. Rd4 Rxd4 1/2-1/2

[Event "BL 2016-17"]
[Site "Berlin"]
[Date "2017.04.30"]
[Round "14"]
[White "Nikolic, Predrag"]
[Black "Kasimdzhanov, Rustam"]
[Result "*"]
[ECO "D27"]
[WhiteElo "2609"]
[BlackElo "2698"]
[Annotator "TA"]
[PlyCount "84"]
[EventDate "2017.??.??"]
[EventType "team-tourn"]
[EventCountry "GER"]
[SourceTitle "playchess.com"]
[Source "ChessBase"]
[SourceQuality "1"]
[WhiteTeam "Solingen"]
[BlackTeam "Baden-Baden"]
[TimeControl "40/6000+30:3000+30"]

1. d4 d5 2. c4 dxc4 $146 (2... e6 3. Nf3 Nf6 4. g3 Be7 5. Bg2 O-O 6. O-O dxc4 7. Qc2 a6 8. a4 Bd7 9. Qxc4 Bc6 10. Bf4 Nbd7 11. Nc3 Rc8 12. Qd3 h6 13. Rfd1 Bb4 14. Na2 Be7 15. Nc3 Bb4 16. Ne5 Bxg2 17. Kxg2 Nxe5 18. dxe5 Bxc3 19. bxc3 Qxd3 20. exd3 {½-½ (32) Erdos,V (2591)-Kovacs,G (2516) Hungary 2010}) 3. Nf3 Nf6 4. e3 e6 5. Bxc4 c5 6. O-O a6 7. dxc5 Bxc5 8. Qxd8+ Kxd8 9. Rd1+ Ke7 10. b3 b6 11. Bb2 Nbd7 12. Nbd2 Bb7 13. Be2 Rhc8 14. a3 b5 15. a4 bxa4 16. Rxa4 Nb6 17. Ra5 Bb4 18. Ba3 Bxa3 19. Rxa3 Nfd5 20. Nc4 Nxc4 21. bxc4 Nb4 22. Nd4 Be4 23. Ra5 f6 24. f3 Bg6 25. f4 Be4 26. c5 Rc7 27. Nxe6 Kxe6 28. Rd4 Bxg2 29. Rxb4 Bb7 30. Kf2 f5 31. Rb6+ Ke7 32. c6 Bxc6 33. Rc5 Kd7 34. Rbxc6 Rxc6 35. Rxc6 Kxc6 36. Bf3+ Kc5 37. Bxa8 a5 38. Bb7 a4 39. Bc8 a3 40. Be6 g6 41. Ke2 Kd6 42. Bg8 Ke7 *

[Event "BL 2016-17"]
[Site "Berlin"]
[Date "2017.04.30"]
[Round "14"]
[White "Braun, Christian"]
[Black "Reich, Thomas"]
[Result "1/2-1/2"]
[ECO "B30"]
[WhiteElo "2356"]
[BlackElo "2367"]
[Annotator "NA"]
[PlyCount "131"]
[EventDate "2017.??.??"]
[EventType "team-tourn"]
[EventCountry "GER"]
[SourceTitle "playchess.com"]
[Source "ChessBase"]
[SourceQuality "1"]
[WhiteTeam "Aufwärts Aachen"]
[BlackTeam "Bayern München"]
[TimeControl "40/6000+30:3000+30"]

1. e4 c5 2. Nf3 Nc6 3. Bb5 Na5 4. b4 cxb4 5. a3 bxa3 6. Bxa3 e6 7. Bxf8 Kxf8 8. d4 d5 9. exd5 exd5 10. O-O Nf6 11. Ne5 h5 (11... Be6 $11 {remains equal.}) 12. Qf3 (12. Qe1 $14 b6 13. Nc6) 12... Kg8 13. Nd2 Be6 14. Rfe1 Rh6 15. h3 $11 Rc8 16. Bd3 a6 17. Rab1 b5 18. Qf4 Nc4 19. Nb3 Qc7 20. Ra1 a5 21. Nc5 Nxe5 22. Rxe5 Nd7 23. Nxd7 Bxd7 24. Qd2 a4 25. Rxd5 Rd6 26. Rxh5 Qc3 27. Qxc3 Rxc3 28. Bxb5 Bxb5 29. Rxb5 Rxd4 30. Rb2 a3 31. Rb3 Rxc2 32. Rbxa3 Rf4 33. Rf1 g6 34. g3 Rfc4 35. Raa1 Rd2 36. Kg2 Rcc2 37. Ra4 Kg7 38. h4 Rb2 39. Rg4 Rd5 40. Rf4 Rd6 41. g4 Rbd2 42. Kg3 R6d3+ 43. f3 Rd1 44. Rxd1 Rxd1 45. g5 Ra1 46. Rb4 Rc1 47. Rb2 Ra1 48. Rf2 Ra3 49. Rf1 Rb3 50. Kg4 Ra3 51. f4 f5+ 52. gxf6+ Kxf6 53. Rb1 Ra5 54. Rb6+ Kf7 55. Rd6 Rb5 56. Rd3 Kf6 57. Re3 Rb1 58. Rg3 Ra1 59. Rh3 Ra5 60. Rb3 Rc5 61. Rb6+ Kf7 62. Rb8 Ra5 63. Rh8 Rb5 64. Rc8 Ra5 65. Rc7+ Kf6 66. Rc6+ {[%emt 0:01:24] Ke5} 1/2-1/2

[Event "BL 2016-17"]
[Site "Berlin"]
[Date "2017.05.01"]
[Round "15"]
[White "Raykhman, Alexander"]
[Black "Nothnagel, Marian Can"]
[Result "1-0"]
[ECO "A48"]
[WhiteElo "2403"]
[BlackElo "2121"]
[Annotator "ChessBase"]
[PlyCount "69"]
[EventDate "2017.??.??"]
[EventType "team-tourn"]
[EventCountry "GER"]
[SourceTitle "playchess.com"]
[Source "ChessBase"]
[SourceQuality "1"]
[WhiteTeam "Schwäbisch Hall"]
[BlackTeam "Griesheim"]
[TimeControl "40/6000+30:3000+30"]

1. d4 Nf6 2. Nf3 g6 3. c4 Bg7 4. e3 O-O 5. Be2 d6 6. O-O Nbd7 7. Nc3 e5 8. b3 Re8 9. a4 e4 10. Nd2 Nf8 11. a5 a6 12. b4 h5 13. b5 Bf5 14. bxa6 bxa6 15. Rb1 N8h7 16. Ba3 Bh6 17. Rb7 Bc8 18. Rb3 Bg4 19. Bxg4 hxg4 20. Qc2 Ng5 21. Nd5 Kg7 22. Rc1 Ra7 23. Rcb1 Nxd5 24. cxd5 Qf6 25. Qc6 Raa8 26. Qxc7 Rad8 27. Rb8 Nh3+ 28. gxh3 gxh3 29. Rxd8 Bxe3 30. fxe3 Qg5+ 31. Kf2 Rxd8 32. Rb8 Rxb8 33. Qxb8 Qg2+ 34. Ke1 Qxh2 35. Bxd6 1-0

[Event "BL 2016-17"]
[Site "Berlin"]
[Date "2017.05.01"]
[Round "15"]
[White "Seger, Ruediger"]
[Black "Meister, Peter"]
[Result "0-1"]
[ECO "B06"]
[WhiteElo "2351"]
[BlackElo "2371"]
[Annotator "NA"]
[PlyCount "90"]
[EventDate "2017.??.??"]
[EventType "team-tourn"]
[EventCountry "GER"]
[SourceTitle "playchess.com"]
[Source "ChessBase"]
[SourceQuality "1"]
[WhiteTeam "SG Trier"]
[BlackTeam "Bayern München"]
[TimeControl "40/6000+30:3000+30"]

1. e4 g6 2. d4 Bg7 3. Nf3 d6 4. c3 Nf6 5. Bd3 O-O 6. O-O Nc6 7. Re1 e5 8. h3 h6 9. dxe5 {[%emt 0:05:18] B07: Pirc Defence: Miscellaneous Systems} (9. Nbd2 Nh5 10. dxe5 dxe5 11. Bf1 Qe7 12. Nc4 Be6 13. b3 Rfd8 14. Qc2 Nf4 15. a4 a5 16. Ba3 Qf6 {½-½ (57) Kamsky,G (2721)-Nepomniachtchi,I (2721) Beijing 2013}) 9... dxe5 10. Qc2 Nh5 11. a4 $146 (11. Bf1 Qf6 12. Nh2 Nf4 13. Na3 Be6 14. Nc4 h5 15. Bxf4 exf4 16. a4 {0-1 (34) Manievich,V-Kagan,S (2430) Israel 1976}) 11... Qf6 12. Nbd2 Nf4 13. Bf1 g5 14. Nh2 h5 15. Nc4 Qg6 16. b3 f5 17. Bxf4 exf4 ({Inferior is} 17... gxf4 18. Bd3 $16) 18. Bd3 g4 19. exf5 Bxf5 20. Bxf5 Rxf5 ({Much weaker is} 20... Qxf5 21. Qxf5 Rxf5 22. hxg4 hxg4 23. Rac1 $11 (23. Nxg4 $2 Rg5 24. f3 Bxc3 $19)) 21. Kh1 Raf8 22. Rac1 Qf6 23. Qe2 {[%emt 0:06:58] [#]} ({Of course not} 23. hxg4 hxg4 24. Qe2 f3 25. Qe6+ Qxe6 26. Rxe6 fxg2+ 27. Kxg2 Rxf2+ 28. Kg1 R2f4 $17) (23. Rcd1 $15) 23... Qh4 $1 24. Qf1 gxh3 25. gxh3 f3 26. Nd2 Ne5 27. Re4 Qg5 28. Nc4 {[%emt 0:00:52] [#]} Nd3 $1 29. Rc2 Qg2+ 30. Qxg2 fxg2+ 31. Kxg2 Rxf2+ 32. Rxf2 Rxf2+ 33. Kg3 Rc2 34. Nf3 Rxc3 35. Ncd2 Ne5 36. b4 Kf7 37. Kf4 Nxf3 38. Nxf3 Kf6 39. h4 Bf8 40. Rd4 Bh6+ 41. Kg3 a6 42. b5 axb5 43. axb5 Be3 $17 (43... Bf8) (43... b6 $19 44. Rd8 Rc4) 44. Re4 Rb3 45. Re8 Bc5 0-1

[Event "BL 2016-17"]
[Site "Berlin"]
[Date "2017.05.01"]
[Round "15"]
[White "Capone, Nicola"]
[Black "Lammers, Markus"]
[Result "0-1"]
[ECO "B01"]
[WhiteElo "2349"]
[BlackElo "2309"]
[Annotator "NA"]
[PlyCount "83"]
[EventDate "2017.??.??"]
[EventType "team-tourn"]
[EventCountry "GER"]
[SourceTitle "playchess.com"]
[Source "ChessBase"]
[SourceQuality "1"]
[WhiteTeam "Aufwärts Aachen"]
[BlackTeam "Zugzwang München"]
[TimeControl "40/6000+30:3000+30"]

1. e4 d5 2. exd5 Nf6 3. Bb5+ Bd7 4. Bc4 Bg4 5. f3 {[%emt 0:00:05] LiveBook: 134 Games} Bf5 6. Nc3 Nbd7 7. d4 Nb6 8. Bb3 {[%emt 0:00:03] B01: Scandinavian Defence} (8. Bb5+ Bd7 9. Bd3 Nbxd5 10. Nxd5 Nxd5 11. Ne2 c5 12. Be4 e6 13. O-O Bd6 14. Bxd5 exd5 15. Bf4 Be7 {½-½ (23) Germann,J (2129)-Corbat,P (2450) ICCF email 2008}) 8... a5 9. a3 a4 10. Ba2 Nbxd5 11. Nxd5 Nxd5 12. Ne2 e6 13. c4 $146 (13. Ng3 Bg6 14. O-O Bd6 15. Qe1 O-O {1-0 (39) Valla,T (1790)-Puobis,J (1949) Slovakia 2010}) 13... Nf6 14. Be3 h5 15. Nc3 Qd7 16. Qe2 Be7 17. Rd1 h4 18. O-O h3 19. g3 O-O 20. Rfe1 Rfe8 21. Rd2 c6 22. Qf1 Qc7 23. g4 Bg6 24. Qxh3 Qa5 25. Ne2 e5 26. Red1 exd4 27. Bxd4 Bc5 28. Qg2 Re3 (28... Rad8 $11) 29. Qf2 Rae8 30. Bxc5 (30. Nc3 $16) 30... Qxc5 31. Rd8 Qg5 32. h3 Qe5 33. Rxe8+ (33. Nc3 $16) 33... Nxe8 34. f4 Qe7 35. Ng3 Bd3 36. c5 Qxc5 37. Rxd3 Qc1+ 38. Nf1 Rxd3 39. Qe2 Qc5+ 40. Kh2 Rd8 41. Ng3 Qd6 42. g5 $19 0-1

[Event "BL 2016-17"]
[Site "Berlin"]
[Date "2017.05.01"]
[Round "15"]
[White "Grigorian, Spartak"]
[Black "Dimitrijeski, Boris"]
[Result "1/2-1/2"]
[ECO "D15"]
[WhiteElo "2338"]
[BlackElo "2293"]
[Annotator "NA"]
[PlyCount "48"]
[EventDate "2017.??.??"]
[EventType "team-tourn"]
[EventCountry "GER"]
[SourceTitle "playchess.com"]
[Source "ChessBase"]
[SourceQuality "1"]
[WhiteTeam "Werder Bremen"]
[BlackTeam "König Tegel"]
[TimeControl "40/6000+30:3000+30"]

1. d4 d5 2. c4 c6 3. Nc3 Nf6 4. Nf3 a6 5. e3 Bf5 6. Qb3 b5 {[%emt 0:01:02] D15: Slav Defence: 4 Nc3 a6 and gambit lines after 4 Nc3 dxc4} (6... Ra7 7. Nh4 Bc8 8. a4 e6 9. a5 c5 10. Nf3 Nc6 11. cxd5 exd5 12. Qb6 Ra8 13. dxc5 Qxb6 14. cxb6 {0-1 (65) Riazantsev,A (2671)-Carlsen,M (2840) Doha 2016}) 7. cxd5 cxd5 8. a4 b4 9. Na2 e6 10. Bd3 $146 ({Don't go for} 10. Nxb4 $2 Qb6 11. Bd2 Nc6 $19) (10. Bd2 $11 {remains equal.} a5 11. Bb5+ Nbd7 12. Ne5 Bd6 13. Nc6 Qb6 14. Naxb4 {1-0 (49) Kazhgaleyev,M (2641)-Megaranto,S (2532) Manila 2008}) 10... Bxd3 11. Qxd3 Nc6 12. O-O Bd6 13. Bd2 O-O 14. Rfc1 Qb6 15. b3 Rfc8 16. Rc2 Ne7 17. Rac1 Rxc2 18. Rxc2 Rc8 19. Rxc8+ Nxc8 20. Be1 Ne7 21. Qc2 Ne4 22. Nd2 Nxd2 23. Qxd2 Nc6 24. f3 $11 h6 1/2-1/2

[Event "BL 2016-17"]
[Site "Berlin"]
[Date "2017.05.01"]
[Round "15"]
[White "Eichler, Christoph"]
[Black "Braun, Christian"]
[Result "1/2-1/2"]
[ECO "E62"]
[WhiteElo "2304"]
[BlackElo "2356"]
[Annotator "NA"]
[PlyCount "68"]
[EventDate "2017.??.??"]
[EventType "team-tourn"]
[EventCountry "GER"]
[SourceTitle "playchess.com"]
[Source "ChessBase"]
[SourceQuality "1"]
[WhiteTeam "Zugzwang München"]
[BlackTeam "Aufwärts Aachen"]
[TimeControl "40/6000+30:3000+30"]

1. Nf3 Nf6 2. g3 g6 3. Bg2 Bg7 4. O-O O-O {[%emt 0:00:06] LiveBook: 4780 Games} 5. c4 c6 6. d4 d6 7. Nc3 Qa5 8. e4 Be6 9. Qb3 $146 {[%emt 0:06:17] E62: King's Indian: Fianchetto: 6...c6 and Panno Variation (6...Nc6) without ...a6} (9. d5 Bg4 10. Bd2 Nfd7 11. Qc2 Bxf3 12. Bxf3 Qc7 13. Rac1 a5 14. a3 Na6 15. Be2 Nac5 16. Be3 Rfe8 17. Rcd1 Qb6 18. Na4 Qb3 19. Qxb3 Nxb3 20. Bg4 Ne5 21. Be2 Nd7 22. Bg4 Ne5 {½-½ (22) Vignesh,N (2399)-Azaladze,S (2499) Mumbai 2015}) 9... b5 10. d5 Bd7 (10... Bg4 $14) 11. cxb5 cxb5 {[%emt 0:01:13] [#]} 12. e5 $1 Ng4 {[%emt 0:03:24] [#]} 13. exd6 $1 exd6 14. Ne4 Na6 15. Bd2 (15. Nxd6 $16 {With the idea h3.} Qb6 16. Bf4) 15... Qb6 16. h3 Rfe8 17. Rae1 (17. Nxd6 $11 Qxd6 18. hxg4) 17... Rxe4 18. Rxe4 Nc5 $1 19. Qc2 Nxe4 20. Qxe4 Nf6 21. Qd4 Rc8 22. Be3 Qb7 23. Qxa7 Qxa7 ({Much worse is} 23... Qxd5 24. Nd4 Qe5 25. Qb7 $14) 24. Bxa7 Ra8 25. Bd4 Rxa2 26. Rd1 Ne4 27. Bxg7 Kxg7 28. Nd4 Nc5 29. b4 Na6 30. Nc6 Rb2 31. Ra1 Nxb4 32. Nxb4 Rxb4 33. Ra6 $11 Bf5 34. Rxd6 Be4 1/2-1/2

[Event "BL 2016-17"]
[Site "Berlin"]
[Date "2017.05.01"]
[Round "15"]
[White "Spitzl, Vinzent"]
[Black "Zeller, Frank"]
[Result "1-0"]
[ECO "C72"]
[WhiteElo "2280"]
[BlackElo "2390"]
[Annotator "ChessBase"]
[PlyCount "65"]
[EventDate "2017.??.??"]
[EventType "team-tourn"]
[EventCountry "GER"]
[SourceTitle "playchess.com"]
[Source "ChessBase"]
[SourceQuality "1"]
[WhiteTeam "Griesheim"]
[BlackTeam "Schwäbisch Hall"]
[TimeControl "40/6000+30:3000+30"]

1. e4 e5 2. Nf3 Nc6 3. Bb5 a6 4. Ba4 d6 5. O-O Bg4 6. h3 h5 7. Bxc6+ bxc6 8. d4 Qf6 9. Nbd2 g5 10. dxe5 dxe5 11. Nc4 Bxf3 12. Qxf3 Qxf3 13. gxf3 f6 14. Be3 O-O-O 15. Na5 Ne7 16. Rfd1 Rd6 17. Kf1 Re6 18. Rd3 Ng6 19. Rc3 g4 20. hxg4 hxg4 21. Ke2 gxf3+ 22. Kxf3 Kd7 23. Rd1+ Bd6 24. Rxc6 Rh3+ 25. Kg2 Rh4 26. c4 Ne7 27. Rxa6 f5 28. c5 Rg6+ 29. Kf3 Rxe4 30. cxd6 cxd6 31. Nb7 Rb4 32. Nxd6 Kc7 33. Ra7+ 1-0

[Event "BL 2016-17"]
[Site "Berlin"]
[Date "2017.05.01"]
[Round "15"]
[White "Giemsa, Stephan"]
[Black "Koop, Thorben"]
[Result "1-0"]
[ECO "D85"]
[WhiteElo "2256"]
[BlackElo "2398"]
[Annotator "NA"]
[PlyCount "99"]
[EventDate "2017.??.??"]
[EventType "team-tourn"]
[EventCountry "GER"]
[SourceTitle "playchess.com"]
[Source "ChessBase"]
[SourceQuality "1"]
[WhiteTeam "König Tegel"]
[BlackTeam "Werder Bremen"]
[TimeControl "40/6000+30:3000+30"]

1. d4 Nf6 2. c4 g6 3. Nc3 d5 4. cxd5 Nxd5 5. e4 Nxc3 6. bxc3 Bg7 7. Be3 c5 8. Rc1 Qa5 9. Qd2 cxd4 10. cxd4 Qxd2+ 11. Bxd2 O-O {[%emt 0:02:53] D85: Exchange Grünfeld: Unusual White 7th moves and lines with 7 Nf3} 12. Nf3 e6 13. Bb5 Nc6 14. Bxc6 bxc6 15. O-O Rb8 {[%emt 0:12:47] LiveBook: 3 Games} 16. a3 {[%emt 0:38:09] [#]} Rb2 $146 ({Predecessor:} 16... Ba6 17. Rfe1 Bb5 18. Bb4 Rfd8 19. Bc5 {½-½ (37) Parligras,M (2584)-Ragger,M (2695) Germany 2015}) 17. Bb4 Rd8 18. Rfe1 Bb7 19. Bc5 a5 20. Rb1 Rxb1 21. Rxb1 Ba6 22. Rb6 Bb5 23. h4 h6 24. Ne5 f5 25. Nxc6 Bxc6 26. Rxc6 Bxd4 27. Bxd4 Rxd4 28. Rxe6 Rxe4 29. Rxg6+ Kh7 30. h5 f4 31. Rf6 Re5 32. Rf7+ Kg8 33. Rxf4 Rxh5 34. a4 Kg7 35. g3 Rc5 36. Kg2 Kg6 37. Kf3 Re5 38. Rc4 Kg5 39. Rg4+ Kf5 40. Rf4+ $2 (40. Rd4 $18) 40... Kg6 41. Re4 Rc5 42. Re6+ Kg7 43. Ra6 Rc3+ 44. Kg2 Rc5 $1 45. Kh3 Rh5+ 46. Kg2 $2 (46. Kg4 $18 Rc5 47. f4) 46... Rc5 47. f4 h5 48. Kh3 Rd5 49. Kh4 Rc5 50. Re6 $18 1-0